 Dungeon Crawl Stone Soup version 0.31-a0-229-g1fc7ce93e2 (webtiles) character file.

Game seed: 11303299396713186212

55 qw the Shooter (level 3, -5/21 HPs)
             Began as a Gargoyle Hexslinger on July 6, 2023.
             Slain by a gnoll
             ... wielding a +0 flail
              (10 damage)
             ... on level 2 of the Dungeon.
             The game lasted 00:00:37 (1834 turns).

qw the Shooter (Gargoyle Hexslinger)                Turns: 1834, Time: 00:00:37

Health: -5/21      AC:  9    Str: 11    XL:     3   Next: 93%
Magic:  4/4        EV: 10    Int: 13    God:
Gold:   88         SH:  0    Dex: 14    Spells: 3/4 levels left

rFire   . . .        Y - +1 sling
rCold   . . .        (no shield)
rNeg    + . .        g - +0 ring mail
rPois   inf          (no helmet)
rElec   +            (no cloak)
rCorr   .            i - +0 pair of gloves
SInv    .            (no boots)
Will    .....        e - amulet of the acrobat
Stlth   +            (no ring)
HPRegen 0.23/turn    (no ring)
MPRegen 0.09/turn

%: acrobat
@: no status effects
A: sickness immunity, AC +3, negative energy resistance 1, electricity
resistance, torment resistance 1, petrification resistance
a: no special abilities


You were on level 2 of the Dungeon.
You visited 1 branch of the dungeon, and saw 2 of its levels.

You collected 88 gold pieces.


Innate Abilities, Weirdness & Mutations

You are immune to sickness and miasma.
Your stone body is resilient. (AC +3)
You are immune to poison.
You resist negative energy. (rN+)
You are resistant to electric shocks. (rElec)
You are resistant to unholy torment.
You are immune to petrification.


   Skills:
 - Level 2.0 Fighting
 + Level 3.5 Ranged Weapons
 - Level 1.0 Armour
 - Level 1.5 Dodging
 - Level 1.0 Spellcasting
 - Level 2.6 Hexes


You had 3 spell levels left.
You knew the following spells:

 Your Spells              Type           Power      Damage    Failure   Level
a - Slow                  Hex            28%        N/A       22%         1

Your spell library contained the following spells:

 Spells                   Type           Power      Damage    Failure   Level
 Inner Flame              Hex/Fire       4%         N/A       75%         3
 Portal Projectile        Hex/Tloc       8%         N/A       75%         3
 Cause Fear               Hex            3%         N/A       91%         4

Inventory:

Hand Weapons
 Y - a +1 sling (weapon)
Armour
 g - a +0 ring mail (worn)
 i - a +0 pair of gloves (worn)
Jewellery
 e - an amulet of the acrobat (around neck)
Potions
 a - 2 potions of heal wounds {unknown}
 b - 2 potions of degeneration {unknown}
 c - a potion of attraction {unknown}
 d - 2 potions of cancellation {unknown}

Dungeon Overview and Level Annotations

Branches:
Dungeon (2/15)

Altars:
Gozag


Message History

Enter note:
Enter note:
Enter note:
Enter note:
Enter note:
1822 ||| Stepping ~*~*~tactically~*~*~ (outnumbered).
The gnoll moves out of view.
1824 ||| Stepping ~*~*~tactically~*~*~ (outnumbered).
The gnoll misses you.
1826 ||| Stepping ~*~*~tactically~*~*~ (outnumbered).
You shoot a sling bullet.
The sling bullet closely misses the gnoll.
The gnoll hits you from afar with a +0 spear.
You shoot a sling bullet.
The sling bullet closely misses the gnoll.
You shoot a sling bullet.
The sling bullet hits the gnoll but does no damage.
You shoot a sling bullet. The sling bullet hits the gnoll.
The gnoll is moderately wounded.
You hear a shout!
The gnoll misses you.
The gnoll hits you from afar with a +0 spear.
You shoot a sling bullet. The sling bullet hits the gnoll.
The gnoll is severely wounded.
The gnoll hits you with a +0 flail. The gnoll hits you but does no damage.
The gnoll closely misses you. The gnoll hits you but does no damage.
You shoot a sling bullet.
The sling bullet hits the gnoll but does no damage.
The gnoll is severely wounded.
The gnoll hits you with a +0 flail. The gnoll hits you but does no damage.
You shoot a sling bullet.
The sling bullet hits the gnoll but does no damage.
The gnoll is severely wounded.
The gnoll barely misses you. The gnoll hits you but does no damage.
You shoot a sling bullet. The sling bullet hits the gnoll.
The gnoll is severely wounded.
The gnoll closely misses you.
The gnoll hits you from afar with a +0 spear.
The gnoll hits you with a +0 flail!
You die...

......##.# #.# #####.##.# #.
##.###### # #.##.# #. #........
# #.##.# #g #..###### # #.##.#
#g #..# # #####.##.# #. #..# #
.........# #. #..# # ##.#####.#
#g##########..# # ##.#
#.#####.g@..........# # ...#
#....##############.# # ##.#
#...................######
#.#####.##%..........^..........
#.......########################
#########


You could see 2 gnolls.

Vanquished Creatures
  An adder (D:2)
  A worm (D:2)
  A dart slug (D:1)
  An endoplasm (D:2)
  2 giant cockroaches
  7 goblins
  A hobgoblin (D:1)
  3 jackals (D:1)
  7 kobolds
  5 quokkas
  4 ball pythons
  A bat (D:2)
  3 frilled lizards (D:1)
37 creatures vanquished.

Notes
Turn   | Place    | Note
-------+----------+-------------------------------------------
     0 | D:1      | qw the Gargoyle Hexslinger began the quest for the Orb.
     0 | D:1      | Reached XP level 1. HP: 12/12 MP: 2/2
     0 | D:1      | 0 ||| qw: Version: 0.3-a-46-gb1f654a
     0 | D:1      | 0 ||| qw: Game counter: 1656
     0 | D:1      | 0 ||| qw: Melee chars always use a shield: true
     0 | D:1      | 0 ||| qw: God list: Okawaru
     0 | D:1      | 0 ||| qw: Allow faded altars: false
     0 | D:1      | 0 ||| qw: Do Orc after clearing Dungeon:15 true
     0 | D:1      | 0 ||| qw: Do second Lair branch before Depths: true
     0 | D:1      | 0 ||| qw: Lair rune preference: random
     0 | D:1      | 0 ||| qw: Goals: Normal
     0 | D:1      | 0 ||| PLANNING D:1-11
   189 | D:1      | 189 ||| Stepping ~*~*~tactically~*~*~ (outnumbered).
   193 | D:1      | Reached XP level 2. HP: 16/16 MP: 3/3
   261 | D:1      | Reached skill level 3 in Ranged Weapons
   668 | D:1      | Reached XP level 3. HP: 21/21 MP: 4/4
   786 | D:1      | You fall into a shaft and drop 1 floor!
   804 | D:2      | 804 ||| UPGRADING to +0 ring mail.
   814 | D:2      | 814 ||| DROPPING +0 robe.
   815 | D:2      | 815 ||| UPGRADING to +0 pair of gloves.
   820 | D:2      | 820 ||| UPGRADING to amulet of the acrobat.
   825 | D:2      | 825 ||| READING scroll labelled KOIGGO TUKLUANG.
   826 | D:2      | 826 ||| READING scroll labelled XAILUXZO OC DIHI.
   827 | D:2      | 827 ||| READING scroll labelled DIB OFIMACEED.
   828 | D:2      | 828 ||| READING scroll labelled BYMUGEREAR.
   829 | D:2      | 829 ||| DROPPING scroll of poison.
  1245 | D:2      | Found an opulent altar of Gozag.
  1288 | D:2      | Reached skill level 1 in Armour
  1822 | D:2      | 1822 ||| Stepping ~*~*~tactically~*~*~ (outnumbered).
  1824 | D:2      | 1824 ||| Stepping ~*~*~tactically~*~*~ (outnumbered).
  1826 | D:2      | 1826 ||| Stepping ~*~*~tactically~*~*~ (outnumbered).
  1834 | D:2      | HP: 5/21 [gnoll/+0 spear (6)]
  1834 | D:2      | Slain by a gnoll

Levels and vault maps discovered:
D:1:      dpeg_arrival_round_a, layout_basic, nicolae_houndstooth_variations
D:2:      layout_loops_ring, basic_altar, corexii_shack

Skill      XL: |  1  2  3 |
---------------+----------+-----
Ranged Weapons | 3 |  3.5
Fighting       | 2 |  2.0
Armour         | 1 |  1.0
Dodging        | |  1.5
Spellcasting   | |  1.0
Hexes          | |  2.6

Action                     || total
---------------------------++-------
   Fire: Sling             ||   156
    Use: Scroll            ||     4
 Armour: Robe              ||    11
         Ring mail         ||    26
  Dodge: Dodged            ||    61

Table legend:
 A = Non-vault XP
 B = Vault XP
 C = Vault XP percentage of total XP
 D = Non-vault monster count
 E = Vault monster count
 F = Vault count percentage of total count
                 A         B        C        D         E       F
            +---------+---------+-------+---------+---------+-------
      Total |      78 |       1 |   1.3 |      36 |       1 |   2.7
            +---------+---------+-------+---------+---------+-------
        D:1 |      39 |       0 |   0.0 |      21 |       0 |   0.0
        D:2 |      39 |       1 |   2.5 |      15 |       1 |   6.2
            +---------+---------+-------+---------+---------+-------
